 Dungeon Crawl Stone Soup version 0.21.1-1-g345015f (webtiles) character file.

73 zishaf the Cudgeler (level 4, -5/48 HPs)
             Began as an Ogre Monk on May 14, 2018.
             Slain by a worker ant (7 damage)
             ... on level 3 of the Dungeon.
             The game lasted 00:04:00 (2379 turns).

zishaf the Cudgeler (Ogre Monk)                     Turns: 2379, Time: 00:04:01

Health: -5/48      AC:  3    Str: 16    XL:     4   Next: 27%
Magic:  4/4        EV: 10    Int: 11    God:
Gold:   152        SH:  0    Dex: 11    Spells: 3/3 levels left

rFire    . . .     SeeInvis .   a - +0 mace
rCold    . . .     Gourm    .   (no shield)
rNeg     . . .     Faith    .   b - +0 robe
rPois    .         Spirit   .   (helmet restricted)
rElec    .         Reflect  .   (no cloak)
rCorr    .         Harm     .   (gloves unavailable)
MR       .....                  (boots unavailable)
Stlth    ++........             (no amulet)
HPRegen  0.16/turn              (no ring)
MPRegen  0.09/turn              (no ring)

@: lethally poisoned (-5 -> -16)
A: large, unfitting armour, tough skin 1
a: no special abilities


You were on level 3 of the Dungeon.
You were not hungry.

You visited 1 branch of the dungeon, and saw 3 of its levels.

You collected 152 gold pieces.

Inventory:

Hand Weapons
 a - a +0 mace (weapon)
Missiles
 m - 14 stones (quivered)
Armour
 b - a +0 robe (worn)
Scrolls
 e - 3 scrolls of remove curse
 h - 2 scrolls of identify {unknown}
 l - a scroll of teleportation
Potions
 d - a potion of ambrosia {unknown}
 f - a potion of might
 g - 2 potions of curing
 i - a potion of degeneration {unknown}
 j - a potion of lignification {unknown}
Comestibles
 c - 2 rations
 k - 3 chunks of flesh


   Skills:
 - Level 4.0 Fighting
 + Level 4.5 Maces & Flails
 - Level 2.6 Dodging
 - Level 1.4 Stealth


You had 3 spell levels left.
You didn't know any spells.

Dungeon Overview and Level Annotations

Branches:
Dungeon (3/15)

Altars:
Uskayaw
Vehumet
Wu Jian


Innate Abilities, Weirdness & Mutations

You are too large for most types of armour.
You have tough skin. (AC +1)


Message History

* * * LOW HITPOINT WARNING * * *
You hit the worker ant.
The worker ant is almost dead.
You feel sick. The leopard gecko bites you.
* * * LOW HITPOINT WARNING * * *
The worker ant barely misses you. The leopard gecko barely misses you.
You closely miss the worker ant.
The worker ant is almost dead.
* * * LOW HITPOINT WARNING * * *
You feel sick. The worker ant bites you.
* * * LOW HITPOINT WARNING * * *
You are more poisoned.
The worker ant poisons you! The leopard gecko bites you.
* * * LOW HITPOINT WARNING * * *
The worker ant closely misses you.
You hit the worker ant but do no damage.
The worker ant is almost dead.
* * * LOW HITPOINT WARNING * * *
You feel sick. The leopard gecko closely misses you. The worker ant bites you!
You die...

.. .. ##.# .. #####
...#.#
...##########.....
#####....##....#.....
........##.##.# ....
#.####..$...##.##.###...
#......a....##..........
......l@....'...........
.......#.)..####........
.#.....#.#### ####รท###.
+.....#.# ###.###.
#.....#.# #.._..#.
.......#.# ......#.#.#
.......#.# #######...#
....#..#.# ##.### #.#
###....


You could see a worker ant and a leopard gecko.

Vanquished Creatures
  An adder (D:2)
  3 dart slugs
  3 leopard geckos (D:2)
  2 giant cockroaches
  3 goblins
  9 hobgoblins
  9 jackals
  3 ball pythons
  4 bats
  3 frilled lizards (D:1)
  5 kobolds
  6 rats
51 creatures vanquished.

Notes
Turn   | Place    | Note
-------+----------+-------------------------------------------
     0 | D:1      | zishaf the Ogre Monk began the quest for the Orb.
     0 | D:1      | Reached XP level 1. HP: 24/24 MP: 1/1
   385 | D:1      | Reached XP level 2. HP: 29/32 MP: 2/2
   957 | D:1      | Reached XP level 3. HP: 38/39 MP: 3/3
  1638 | D:2      | Found a radiant altar of Vehumet.
  1699 | D:2      | Noticed a scorpion
  1720 | D:2      | HP: 1/39 [kobold/short sword (2)]
  1794 | D:1      | HP: 1/39 [scorpion (8)]
  2084 | D:2      | Reached XP level 4. HP: 41/48 MP: 4/4
  2326 | D:3      | Found an ornate altar of the Wu Jian Council.
  2341 | D:3      | Found a hide-covered altar of Uskayaw.
  2379 | D:3      | HP: 2/48 [poisoned by a worker ant]
  2379 | D:3      | Slain by a worker ant

Skill      XL: |  1  2  3 |
---------------+----------+-----
Maces & Flails | 3 4 |  4.5
Fighting       | |  4.0
Dodging        | |  2.6
Stealth        | |  1.4

Action                   |  1- 3 |  4- 6 || total
-------------------------+-------+-------++-------
Melee: Mace              |   140 |    49 ||   189
  Use: Potion            |     3 |       ||     3
       Scroll            |     2 |       ||     2
 Stab: Sleeping          |     3 |     1 ||     4
  Eat: Chunk             |     3 |     2 ||     5
Armor: Robe              |    54 |    21 ||    75
Dodge: Dodged            |   108 |    34 ||   142
